cohdb
Replays
Latest Replays
All Replays
Popular Replays
Top Player Replays
Match Explorer
How It Works
Community
CoH3 Stats
Reddit
Sign in to upload your games and track your stats! →
Sign in with Steam
Match 41115022
Unlisted
Match 41115022
Overview
Messages
Build Orders
End
Construct Section Command Post
Royal Engineer Section
Dingo Light Scout Car
Selects Canadian Shock Battlegroup
Infantry Section
Construct Platoon Command Post
Selects Attacking Spirit
Selects Canadian Shock Section
Canadian Shock Section
Unlock M3 Stuart Light Tanks
M3 Stuart Light Tank
Infantry Training
Canadian Shock Section
Construct Field Infirmary
[PD]Folscher
Apache
Manu
Samrajel
Vishnevelatte
Yorgun Demokrat
0
0
Comments
sign in to comment!
No comments posted yet!